 Dungeon Crawl Stone Soup version 0.27-a0-223-ge082b6e869 (webtiles) character file.

Game seed: 1168152289975710745

736 iamserjio the Ruffian (level 7, -5/67 HPs)
             Began as a Troll Hedge Wizard on Feb 1, 2021.
             Was a Believer of Cheibriados.
             Engulfed by a cloud of freezing vapour (11 damage)
             ... on level 4 of the Dungeon.
             The game lasted 00:06:54 (942 turns).

iamserjio the Ruffian (Troll Hedge Wizard)           Turns: 942, Time: 00:06:55

Health: -5/67      AC:  7    Str: 23    XL:     7   Next: 46%
Magic:  9/9        EV: 10    Int: 16    God:    Cheibriados [**....]
Gold:   177        SH:  0    Dex: 13    Spells: 7/10 levels left

rFire    + . .     SeeInvis .     - Unarmed
rCold    + . .     Faith    .   (no shield)
rNeg     . . .     Spirit   .   b - +0 robe
rPois    +         Reflect  .   c - +1 hat
rElec    +         Harm     .   (no cloak)
rCorr    +         Rampage  .   (gloves unavailable)
Will     .....                  (boots unavailable)
Stlth    ++........             (no amulet)
HPRegen  0.61/turn              (no ring)
MPRegen  0.11/turn              (no ring)

@: resistant, very slow
A: large, unfitting armour, claws 3, regeneration 1, shaggy fur 1, tough skin 3
a: Renounce Religion, Bend Time


You were on level 4 of the Dungeon.
You worshipped Cheibriados.
Cheibriados was pleased with you.
You visited 1 branch of the dungeon, and saw 6 of its levels.

You collected 177 gold pieces.

Inventory:

Hand Weapons
 a - a +0 dagger
Missiles
 d - 15 arrows
Armour
 b - a +0 robe (worn)
 c - a +1 hat (worn)
Magical Staves
 r - an uncursed staff of fire
Wands
 k - a wand of iceblast (6) {@v2}
 o - a wand of digging (8) {@v3}
Scrolls
 f - 2 scrolls of remove curse {@r2}
 l - a scroll of magic mapping {@r5}
Potions
 e - a potion of attraction
 g - 3 potions of lignification {unknown}
 h - 3 potions of haste {unknown}
 j - a potion of mutation {unknown}
 p - a potion of flight {unknown}
 q - 2 potions of heal wounds {unknown}


   Skills:
 + Level 3.1 Fighting
 - Level 1.5 Dodging
 - Level 1.0 Stealth
 * Level 5.8 Unarmed Combat
 - Level 2.0 Spellcasting
 - Level 0.6 Conjurations
 - Level 0.6 Summonings
 - Level 2.0 Translocations
 - Level 2.0 Evocations


You had 7 spell levels left.
You knew the following spells:

 Your Spells              Type           Power        Failure   Level
a - Magic Dart            Conj           12%          16%         1
b - Blink                 Tloc           N/A          14%         2

Your spell library contained the following spells:

 Spells                   Type           Power        Failure   Level
 Call Imp                 Summ           3%           24%         2
 Slow                     Hex            1%           30%         2
 Conjure Flame            Conj/Fire      2%           50%         3
 Mephitic Cloud           Conj/Pois/Air  2%           50%         3


Dungeon Overview and Level Annotations

Branches:
Dungeon (6/15)
 Temple: D:4-7

Altars:
Cheibriados
Gozag
Makhleb
Vehumet
Wu Jian
Xom

Annotations:
D:4 1 transporter


Innate Abilities, Weirdness & Mutations

You are too large for most types of armour.
You have claws for hands.
Your natural rate of healing is unusually fast.
You are covered in fur. (AC +1)
You have extremely tough skin. (AC +3)


Message History

Unknown command.
You are now empty-clawed.
You start to feel less resistant.
Your resistance to elements expires.
You close the gate.
There's nothing to close nearby.
This gate is marked as excluded!
Open it anyway?
Okay, then.
This gate is marked as excluded!
Open it anyway?
As you open the gate, it creaks loudly!
You feel protected.
Really walk into that cloud of freezing vapour?
Okay, then.
Really walk into a travel-excluded area?
You are engulfed in freezing vapours.
You resist.
There is an open gate here.
You are engulfed in freezing vapours.
You resist.
* * * LOW HITPOINT WARNING * * *
You are engulfed in freezing vapours.
You resist.
You die...

..........(..<......#............
#....).##................##.....
##......##...########.##..##.....
#....†.########.°○°○###..###.....
...>...#○○☼○☼○#○☼○☼☼####..##.....
...###.#.○○○°○#☼○☼☼○####..##.....
.# ##..#°☼#.#.○°°.$(#..#...#.....
#.†©#.☼©...°○°.)©#©...........
#...#.☼#.#.○☼@.$!#............
......#.☼°○.☼#○○☼°☼#...........#
......##○○○☼○.#○○°○☼##.........##
..#.#..########°☼○○☼#...........#
.####.# ##....#######.......##.[.
. ### #...................##..§
#...........<.......#..§§
#.........##...........§§
#..##.##..###............


There were no monsters in sight!

Vanquished Creatures
  3 ice beasts (D:4)
  Blork the orc (D:4)
  2 scorpions (D:4)
  A howler monkey (D:4)
  4 crimson imps (D:5)
  A worker ant (D:4)
  An iguana (D:4)
  2 adders
  A worm (D:3)
  3 dart slugs
  A leopard gecko (D:2)
  5 orcs
  2 ball pythons
  4 giant cockroaches
  5 goblins (D:3)
  5 hobgoblins
  3 jackals (D:4)
  A kobold (D:1)
  A quokka (D:3)
  2 bats (D:3)
  A frilled lizard (D:4)
  3 rats (D:3)
52 creatures vanquished.

Notes
Turn   | Place    | Note
-------+----------+-------------------------------------------
     0 | D:1      | iamserjio the Troll Hedge Wizard began the quest for the
                  | Orb.
     0 | D:1      | Reached XP level 1. HP: 16/16 MP: 2/2
   100 | D:2      | Reached skill level 1 in Unarmed Combat
   139 | D:2      | Reached XP level 2. HP: 20/26 MP: 4/4
   181 | D:3      | Found a snail-covered altar of Cheibriados.
   187 | D:3      | Became a worshipper of Cheibriados the Contemplative
   254 | D:3      | Reached skill level 1 in Fighting
   287 | D:2      | Found an opulent altar of Gozag.
   299 | D:3      | Reached skill level 2 in Unarmed Combat
   299 | D:3      | Reached XP level 3. HP: 28/33 MP: 5/5
   455 | D:3      | Found an ornate altar of the Wu Jian Council.
   475 | D:3      | Reached * piety under Cheibriados
   561 | D:4      | Reached XP level 4. HP: 31/41 MP: 6/6
   573 | D:5      | Entered Level 5 of the Dungeon
   574 | D:5      | Found a shimmering altar of Xom.
   580 | D:5      | Reached skill level 3 in Unarmed Combat
   602 | D:5      | Reached skill level 1 in Evocations
   617 | D:5      | Reached XP level 5. HP: 48/49 MP: 7/7
   648 | D:4      | Found a burning altar of Makhleb.
   660 | D:4      | Reached skill level 4 in Unarmed Combat
   667 | D:4      | Noticed Blork the orc
   680 | D:4      | Killed Blork the orc
   681 | D:4      | Reached XP level 6. HP: 41/58 MP: 8/8
   684 | D:4      | Learned a level 2 spell: Blink
   697 | D:4      | Reached skill level 1 in Translocations
   739 | D:4      | Found a radiant altar of Vehumet.
   794 | D:4      | Found a transporter.
   794 | D:4      | Noticed an ice beast
   795 | D:4      | Noticed an ice beast
   817 | D:4      | Noticed an ice beast
   847 | D:4      | Found a transporter.
   876 | D:4      | Killed an ice beast
   876 | D:4      | Reached ** piety under Cheibriados
   877 | D:4      | Reached skill level 5 in Unarmed Combat
   877 | D:4      | Reached XP level 7. HP: 39/66 MP: 9/9
   942 | D:4      | Engulfed by a cloud of freezing vapour

Illustrated notes

Levels and vault maps discovered:
D:1:      minmay_arrival_arboretum_small, layout_loops_corners,
          corexii_hall_statues_l
D:2:      layout_rooms, nicolae_overflow_hidden_temple,
          eat_drink_and_be_merry_uskayaw, chequers_ecumenical_altar_simple_redux
D:3:      layout_loops_corners, kennysheep_slug_shrine, general_overflow_altar,
          minmay_misc_feat_tower, uniq_crazy_yiuf_cottage
D:4:      gammafunk_cloud_chamber, layout_cave_pools, kennysheep_mini,
          nzn_hepliaklqana_mist_gate, lemuel_round_altar, zin_angel,
          ebering_dispersal_statue_hall, amcnicky_mini_rare_corridor_liquid,
          kennysheep_generic_room_14, uniq_natasha, uniq_blork_the_orc
D:5:      layout_cave_pools, nicolae_overflow_crystal_walls,
          serial_column_ruins, column_ruins_hut, column_ruins_hut_ruined,
          column_ruins_grid_1, column_ruins_corridor_corner,
          column_ruins_grid_1, led_xom_imps
D:6:      layout_cave_pools, minmay_strange_pillars, makhleb_heckhound_becter,
          uniq_grinder, uniq_sigmund, uniq_eustachio, uniq_duvessa

Skill      XL: |  1  2  3  4  5  6  7 |
---------------+----------------------+-----
Unarmed Combat | 1 2 3 4 5 |  5.8
Fighting       | 1 2 3 |  3.1
Evocations     | 1 2 |  2.0
Translocations | 1 2 |  2.0
Dodging        | |  1.5
Stealth        | |  1.0
Spellcasting   | |  2.0
Conjurations   | |  0.6
Summonings     | |  0.6

Action                   |  1- 3 |  4- 6 |  7- 9 || total
-------------------------+-------+-------+-------++-------
Melee: Unarmed           |    84 |    77 |    15 ||   176
       Punch             |     1 |     1 |       ||     2
Evoke: Wand              |       |     1 |       ||     1
  Use: Potion            |       |     1 |     1 ||     2
       Scroll            |       |       |     5 ||     5
 Stab: Sleeping          |     1 |       |       ||     1
Armor: Robe              |    42 |    28 |     6 ||    76
Dodge: Dodged            |    32 |    27 |     5 ||    64

Table legend: (Time is in decaauts)
 A = Elapsed time spent in this place.
 B = Non-inter-level travel time spent in this place.
 C = Inter-level travel time spent in this place.
 D = Time resting spent in this place.
 E = Time spent auto-exploring this place.
 F = Levels seen in this place.
 G = Mean time per level.
                   A        B        C        D        E       F      G
               +--------+--------+--------+--------+--------+-----+--------+
         Total |   1124 |   1102 |     22 |      0 |      0 |   6 |  187.3 |
       Dungeon |   1124 |   1102 |     22 |      0 |      0 |   6 |  187.3 |
               +--------+--------+--------+--------+--------+-----+--------+

Top non-repeatable levels by time:
     D:3: 451 daAuts
     D:4: 419 daAuts
     D:1: 97 daAuts
     D:2: 79 daAuts
     D:5: 74 daAuts
     D:6: 1 daAuts
